 Dungeon Crawl Stone Soup version 0.28-a0-589-g333b8329f1 (webtiles) character file.

Game seed: 2856241590736023920

19 sleeves the Caller (level 2, -5/19 HPs)
             Began as a Demonspawn Summoner on Oct 3, 2021.
             Slain by an iguana (9 damage)
             ... on level 2 of the Dungeon.
             The game lasted 00:01:27 (1578 turns).

sleeves the Caller (Demonspawn Summoner)            Turns: 1578, Time: 00:01:28

Health: -5/19      AC:  2    Str:  8    XL:     2   Next: 55%
Magic:  3/5        EV: 12    Int: 16    God:
Gold:   52         SH:  0    Dex: 15    Spells: 2/5 levels left

rFire   . . .      SeeInvis .   b - +0 mace
rCold   . . .      Faith    .   (no shield)
rNeg    . . .      Spirit   .   a - +0 robe
rPois   .          Reflect  .   (no helmet)
rElec   .          Harm     .   (no cloak)
rCorr   .          Rampage  .   (no gloves)
Will    .....                   (no boots)
Stlth   +++.......              (no amulet)
HPRegen 0.06/turn               (no ring)
MPRegen 0.09/turn               (no ring)

@: no status effects
A: thin skeletal structure 1
a: no special abilities


You were on level 2 of the Dungeon.
You visited 1 branch of the dungeon, and saw 2 of its levels.

You collected 52 gold pieces.

Inventory:

Hand Weapons
 b - a +0 mace (weapon)
   (You found it on level 1 of the Dungeon)
Armour
 a - a +0 robe (worn)
Scrolls
 d - a scroll of amnesia {unknown}
Potions
 c - 3 potions of curing {unknown}


   Skills:
 - Level 1.7 Dodging
 - Level 1.7 Stealth
 - Level 2.0 Spellcasting
 + Level 4.7 Summonings


You had 2 spell levels left.
You knew the following spells:

 Your Spells              Type           Power      Damage    Failure   Level
a - Summon Small Mammal   Summ           64%        N/A       3%          1
b - Call Imp              Summ           16%        N/A       4%          2

Your spell library contained the following spells:

 Spells                   Type           Power      Damage    Failure   Level
 Call Canine Familiar     Summ           16%        N/A       9%          3
 Summon Guardian Golem    Hex/Summ       9%         N/A       24%         3
 Gell's Gravitas          Tloc           0%         N/A       52%         3
 Lesser Beckoning         Tloc           1%         N/A       52%         3
 Teleport Other           Tloc           1%         N/A       52%         3
 Summon Lightning Spire   Summ/Air       9%         N/A       61%         4


Dungeon Overview and Level Annotations

Branches:
Dungeon (2/15)

Altars:


Innate Abilities, Weirdness & Mutations

You have a somewhat thin skeletal structure. (Dex +2, Stealth+)


Message History

You add the spells Summon Small Mammal, Call Imp, Call Canine Familiar, Summon Guardian Golem and Summon Lightning Spire to your library.
Welcome, sleeves the Demonspawn Summoner.
Will you be the one to retrieve the fabled Orb of Zot from the depths?
Press ? for a list of commands and other information.
Found an escape hatch in the floor.
Found a staircase leading out of the dungeon.
There is an escape hatch in the floor here.
You open the door.
There is an open door here.
You open the door.
There is an open door here.
You open the door.
There is an open door here.
You open the door.
There is an open door here.
You open the door.
Found a mace.
There is an open door here.
You open the gate.
There is an open gate here.
Found a robe.
A bat comes into view.
The bat barely misses you. The bat misses you. The bat hits your rat.
Your rat barely misses the bat.
The bat hits your rat.
Your rat barely misses the bat.
The bat hits your rat.
Your rat dies!
Your rat's corpse disappears in a puff of smoke!
The bat hits you but does no damage. The bat hits you.
The bat completely misses you. The bat hits you but does no damage.
The bat closely misses you.
There is an open gate here.
The bat closely misses you.
You see here a +0 mace.
b - a +0 mace The bat hits you but does no damage.
b - a +0 mace (weapon)
The bat hits you but does no damage.
You hit the bat.
You kill the bat!
No target in view!
No target in view!
Magic restored.
HP restored.
There is an open gate here.
Your rat disappears in a puff of smoke!
You see here a +0 robe.
A bat comes into view.
A bat is nearby!
A bat is nearby!
A bat is nearby!
Your bat hits the bat. The bat completely misses your bat.
Your bat hits the bat.
The bat dies!
No target in view!
No target in view!
You swap places.
Found a stone staircase leading down.
Your bat disappears in a puff of smoke!
There is a stone staircase leading down here.
An endoplasm comes into view.
The helpless endoplasm fails to defend itself.
You hit the endoplasm but do no damage. The endoplasm hits you.
The endoplasm freezes you.
You are frozen.
You are too injured to fight recklessly!
You are too injured to fight recklessly!
Casting: Summon Small Mammal (safe; 4% risk of failure)
Confirm with . or Enter, or press ? or * to list all spells.
The endoplasm closely misses you.
You hit the endoplasm but do no damage. The endoplasm closely misses you.
Your rat bites the endoplasm.
You barely miss the endoplasm.
The endoplasm is moderately wounded.
The endoplasm freezes you.
You are frozen.
* * * LOW HITPOINT WARNING * * *
Your rat bites the endoplasm.
The endoplasm barely misses you.
Your rat barely misses the endoplasm.
Your rat bites the endoplasm but does no damage.
Your rat bites the endoplasm.
You hit the endoplasm.
You kill the endoplasm!
Your rat disappears in a puff of smoke!
Key pressed, stopping explore.
A frilled lizard comes into view.
The helpless frilled lizard fails to defend itself.
You hit the frilled lizard.
You kill the frilled lizard!
No target in view!
A rat comes into view.
A rat is nearby!
A rat is nearby!
Found 10 gold pieces.
What are your orders? t - Shout!
Orders for allies: a - Attack new target. r - Retreat! s - Stop attacking. g - Guard the area. f - Follow me.
Anything else - Cancel.
Gang up on whom?
Press: ? - help, Dir - move target, f - rat
Aim: a rat (ally target) Attack!
Your bat closely misses the rat.
The rat closely misses your quokka.
Your quokka completely misses the rat.
The rat closely misses your quokka.
Your bat misses the rat.
Your quokka bites the rat.
The rat dies!
You swap places.
You now have 11 gold pieces.
You now have 21 gold pieces (gained 10).
Your quokka disappears in a puff of smoke!
Found 25 stones.
Your bat disappears in a puff of smoke!
A hobgoblin comes into view.
The hobgoblin shouts!
A hobgoblin is nearby!
You barely miss the hobgoblin. The hobgoblin barely misses you.
A goblin comes into view. It is wielding a +0 dagger.
The hobgoblin misses you.
You hit the hobgoblin but do no damage. The hobgoblin closely misses you.
You hit the hobgoblin.
The hobgoblin is heavily wounded.
Your quokka bites the hobgoblin.
The hobgoblin dies!
Your quokka closely misses the goblin.
You barely miss the goblin. The goblin hits you with a +0 dagger.
Your quokka barely misses the goblin.
The goblin hits you with a +0 dagger.
You are too injured to fight recklessly!
You are too injured to fight recklessly!
You hit the goblin.
You kill the goblin!
Your quokka disappears in a puff of smoke!
You see here a hobgoblin corpse.
A giant cockroach comes into view.
A giant cockroach is nearby!
A giant cockroach is nearby!
What are your orders? t - Shout!
Orders for allies: a - Attack new target. r - Retreat! s - Stop attacking. g - Guard the area. f - Follow me.
Anything else - Cancel.
Gang up on whom?
Press: ? - help, Dir - move target, f - giant cockroach
Aim: a giant cockroach (asleep, ally target) Attack!
Your quokka bites the giant cockroach!
The giant cockroach dies!
You swap places.
You see here a giant cockroach corpse.
Your quokka disappears in a puff of smoke!
You pick up a book of Displacement and begin reading...
You add the spells Lesser Beckoning, Gell's Gravitas and Teleport Other to your library.
There is a shaft here.
You see here a +0 dagger.
A kobold comes into view. It is wielding a +0 short sword.
A kobold is nearby!
The helpless kobold fails to defend itself.
You hit the kobold.
You kill the kobold!
You have reached level 2!
Your demonic ancestry asserts itself...
Your bones become slightly less dense.
Your quokka disappears in a puff of smoke!
Things that are here:
a +0 short sword; a kobold corpse A giant cockroach comes into view.
A giant cockroach is nearby!
A giant cockroach is nearby!
A giant cockroach is nearby!
The giant cockroach bites your rat but does no damage.
The giant cockroach barely misses your rat.
You swap places.
The giant cockroach closely misses you.
You hit the giant cockroach.
The giant cockroach is almost dead.
The giant cockroach barely misses you.
You hit the giant cockroach.
You kill the giant cockroach!
No target in view!
No target in view!
You see here a giant cockroach corpse.
A frilled lizard and a goblin come into view.
There are monsters nearby!
There are monsters nearby!
The frilled lizard hisses angrily.
You barely miss the goblin. The goblin completely misses you.
You hit the goblin.
The goblin is heavily wounded.
The goblin hits you but does no damage. The goblin closely misses you.
You barely miss the goblin.
The goblin is heavily wounded.
The goblin hits you with a +0 dagger.
You hit the goblin.
You kill the goblin!
You hit the frilled lizard.
You kill the frilled lizard!
No target in view!
No target in view!
Your quokka disappears in a puff of smoke!
Your rat disappears in a puff of smoke!
Things that are here:
a +0 dagger; a frilled lizard corpse
Found a stone staircase leading down.
c - an amethyst potion You now have 33 gold pieces (gained 12).
Things that are here:
a +0 dagger; a frilled lizard corpse
Found a hunting sling.
A kobold comes into view. It is wielding a +0 short sword.
Found 31 arrows.
A kobold is nearby!
A kobold is nearby!
The kobold shouts!
You hear a shout!
A hobgoblin comes into view.
The hobgoblin shouts!
You barely miss the kobold.
Your bat hits the kobold but does no damage.
Your bat hits the kobold. The kobold closely misses you.
You hit the kobold.
The kobold is severely wounded.
Your bat hits the kobold but does no damage.
Your bat closely misses the kobold.
The kobold closely misses you.
You barely miss the kobold.
The kobold is severely wounded.
Your bat hits the kobold.
The kobold dies!
You barely miss the hobgoblin.
Your bat closely misses the hobgoblin.
The hobgoblin hits you.
You hit the hobgoblin.
The hobgoblin is severely wounded.
Your bat hits the hobgoblin but does no damage.
The hobgoblin misses you.
You hit the hobgoblin but do no damage.
The hobgoblin is heavily wounded.
Your bat hits the hobgoblin. The hobgoblin hits you.
The hobgoblin barely misses you.
You closely miss the hobgoblin.
The hobgoblin is severely wounded.
Your bat hits the hobgoblin but does no damage.
Your bat barely misses the hobgoblin. x2; The hobgoblin completely misses you.
You barely miss the hobgoblin.
The hobgoblin is severely wounded.
Your bat hits the hobgoblin. x2
The hobgoblin dies!
No target in view!
Your bat disappears in a puff of smoke!
Things that are here:
a +0 short sword; 31 arrows
Found a stone staircase leading down.
There is a stone staircase leading down here.
Found a chain mail.
No target in view!
No target in view!
Found 15 arrows.
You see here 15 arrows.
Key pressed, stopping explore.
Key pressed, stopping explore.
You see here a +0 dagger.
Found 15 arrows.
You see here 15 arrows.
You see here 15 arrows.
Key pressed, stopping explore.
Done exploring.
Done exploring.
Done exploring.
Done exploring.
(D) Dungeon
Where to? (? - help)
There is a stone staircase leading down here.
You climb downwards.
Found a scroll labelled QOCUZXY NONO.
There is a stone staircase leading up here.
Memorise Call Imp, consuming 2 spell levels and leaving 2?
You start memorising the spell.
You continue memorising. x2
You finish memorising.
Spell assigned to 'b'.
A kobold comes into view. It is wielding a +0 short sword.
A kobold is nearby!
A kobold is nearby!
The kobold shouts!
The kobold hits you with a +0 short sword.
You hit the kobold but do no damage. The kobold barely misses you.
You hit the kobold.
You kill the kobold!
No target in view!
HP restored.
d - a scroll labelled QOCUZXY NONO
There is a stone staircase leading up here.
Found a stone staircase leading down.
A hobgoblin comes into view.
The hobgoblin shouts!
A hobgoblin is nearby!
You barely miss the hobgoblin. The hobgoblin barely misses you.
The hobgoblin misses you.
You sock the hobgoblin!
You kill the hobgoblin!
No target in view!
No target in view!
c - 3 amethyst potions (gained 2)
You open the door.
Found 23 arrows.
There is an open door here.
You now have 45 gold pieces (gained 12).
Found a stone staircase leading down.
There is a stone staircase leading down here.
A quokka comes into view.
A quokka is nearby!
The quokka bites you.
You closely miss the quokka. The quokka barely misses you.
The quokka misses you.
You hit the quokka.
The quokka is almost dead.
The quokka bites you. The quokka barely misses you.
You hit the quokka.
You kill the quokka!
No target in view!
A goblin comes into view. It is wielding a +0 club.
A goblin is nearby!
A goblin is nearby!
A beastly little devil appears in a puff of frigid air.
The goblin shouts!
You closely miss the goblin. The goblin hits you with a +0 club.
You hit the goblin.
You kill the goblin!
No target in view!
Magic restored.
Your white imp disappears in a puff of smoke!
You now have 52 gold pieces (gained 7).
You see here a +0 club.
An iguana comes into view.
An iguana is nearby!
An iguana is nearby!
A shadowy apparition takes form in the air.
The iguana hisses angrily.
What are your orders? t - Shout!
Orders for allies: a - Attack new target. r - Retreat! s - Stop attacking. g - Guard the area. f - Follow me.
Anything else - Cancel.
Gang up on whom?
Press: ? - help, Dir - move target, f - iguana
Aim: an iguana (ally target) Attack!
You barely miss the iguana. The iguana bites you.
You hit the iguana.
The iguana is lightly wounded.
The iguana bites you but does no damage.
Your shadow imp hits the iguana but does no damage.
The iguana bites you!
* * * LOW HITPOINT WARNING * * *
You are too injured to fight recklessly!
Your shadow imp barely misses the iguana.
The iguana bites your shadow imp!
Your shadow imp hits the iguana.
The iguana bites you!
You die...

###.###
#.....#
#####.#
####.#
#†...#
###.#######
#.).# #.#
#.#######.#
#.#.....@5#
#.#.#####l#
#.#.# #.#
#...# #.#
##### ..#
#.# ### .#
.#


You could see an iguana (ally target) and a friendly shadow imp (summoned).

Vanquished Creatures
  An endoplasm (D:1)
  A giant cockroach (D:1)
  A hobgoblin (D:2)
  2 kobolds
  A quokka (D:2)
  A bat (D:1)
  2 frilled lizards (D:1)
  3 goblins
12 creatures vanquished.

Vanquished Creatures (collateral kills)
  A giant cockroach (D:1)
  2 hobgoblins (D:1)
  A bat (D:1)
  A kobold (D:1)
  A rat (D:1)
6 creatures vanquished.

Grand Total: 18 creatures vanquished

Notes
Turn   | Place    | Note
-------+----------+-------------------------------------------
     0 | D:1      | sleeves the Demonspawn Summoner began the quest for the
                  | Orb.
     0 | D:1      | Reached XP level 1. HP: 13/13 MP: 3/3
   138 | D:1      | HP: 3/13 [frozen (5)]
   667 | D:1      | Gained mutation: You have a somewhat thin skeletal
                  | structure. (Dex +2, Stealth+) [demonic ancestry]
   667 | D:1      | Reached XP level 2. HP: 19/19 MP: 3/5
  1348 | D:2      | Learned a level 2 spell: Call Imp
  1576 | D:2      | HP: 4/19 [iguana (9)]
  1578 | D:2      | Slain by an iguana

Illustrated notes

Levels and vault maps discovered:
D:1:      shiori_arrival_elements, layout_basic
D:2:      layout_basic, basic_altar, uniq_sigmund

Action                   || total
-------------------------++-------
Melee: Mace              ||    38
 Cast: Summon Small Mamm ||    12
       Call Imp          ||     2
 Stab: Sleeping          ||     3
Armor: Robe              ||     6
Dodge: Dodged            ||    26

Table legend: (Time is in decaauts)
 A = Elapsed time spent in this place.
 B = Non-inter-level travel time spent in this place.
 C = Inter-level travel time spent in this place.
 D = Time resting spent in this place.
 E = Time spent auto-exploring this place.
 F = Levels seen in this place.
 G = Mean time per level.
                   A        B        C        D        E       F      G
               +--------+--------+--------+--------+--------+-----+--------+
         Total |   1592 |   1581 |     11 |      0 |   1401 |   2 |  796.0 |
       Dungeon |   1592 |   1581 |     11 |      0 |   1401 |   2 |  796.0 |
               +--------+--------+--------+--------+--------+-----+--------+

Top non-repeatable levels by time:
     D:1: 1354 daAuts
     D:2: 238 daAuts
